AoeStats
← Nutteralex

Pilgrims

509746099Analyzed
2v2 RM · 3d ago on Sep 27, 2026· 40m 39s· 4 players
Game mode
Random Map
Map size
Medium (4 player)
Population
200
Speed
Normal
Resources
Standard
Victory
Conquest
Starting age
Dark Age
Ending age
Imperial Age
RankedLock teamsTeams togetherTeam positionsShared explorationLock speedFull tech treeHidden civsTurbo modeCheats
Victory
Defeat
🇺🇸 Shu · United States
1063
+13
🇬🇧 Danes · United Kingdom
1036
+15
🇹🇷 Goths · Türkiye
1011
-14
🇨🇦 Koreans · Canada
999
-14
Nutteralex
9:49 Loom
13:30 Feudal Age
20:30 Wheelbarrow
26:50 Castle Age
28:07 Double-Bit Axe
28:21 Fletching
28:59 Bodkin Arrow
cihadyetim
9:53 Loom
14:04 Feudal Age
14:14 Man-at-Arms
16:17 Scale Mail Armor
16:27 Forging
29:20 Castle Age
28:42 Fishing Lines
30:57 Chain Mail Armor
31:17 Iron Casting
34:40 Squires
Her
3:17 Loom
17:02 Feudal Age
18:05 Double-Bit Axe
20:26 Gold Mining
21:13 Horse Collar
23:49 Fletching
25:13 Wheelbarrow
24:41 Fishing Lines
28:16 Castle Age
29:08 Stone Mining
30:01 Hand Cart
29:59 Guard Tower
30:31 Bow Saw
32:04 Heavy Plow
32:42 Masonry
32:52 Murder Holes
33:13 Scale Mail Armor
33:24 Forging
34:11 Gillnets
35:23 Chain Mail Armor
35:44 Iron Casting
37:09 Man-at-Arms
37:35 Gambesons
37:50 Squires
37:59 Long Swordsman
osubuckeyes022
2:50 Loom
14:22 Feudal Age
15:17 Double-Bit Axe
16:17 Fletching
16:29 Padded Archer Armor
21:09 Castle Age
20:01 Fishing Lines
23:03 Crossbowman
26:16 Thumb Ring
27:26 Bodkin Arrow
27:48 Leather Archer Armor
33:21 Wheelbarrow
35:23 Imperial Age
35:29 Imperial Age
36:19 Arbalester
Connection lost

Rejoining the realm…

Still unreachable

The connection could not be restored.

Session expired

The server has moved on; the page needs a fresh start.